 Seeded DCSS version 0.30.1-11-g7821555f0a (webtiles) character file.

Game seed: 3782068419145777066 (custom seed)

123 fireball365 the Chopper (level 5, -5/47 HPs)
             Began as a Hill Orc Fighter on Nov 23, 2023.
             Slain by Crazy Yiuf
             ... wielding a +4 quarterstaff of chaos
              (13 damage)
             ... on level 3 of the Dungeon.
             The game lasted 00:03:18 (2506 turns).

fireball365 the Chopper (Hill Orc Fighter)          Turns: 2506, Time: 00:03:19

Health: -5/47      AC: 10    Str: 21    XL:     5   Next: 7%
Magic:  5/5        EV: 13    Int:  8    God:
Gold:   271        SH:  4    Dex: 10    Spells: 4/4 levels left

rFire   . . .        n - +1 war axe (heavy)
rCold   . . .        c - +0 buckler
rNeg    . . .        o - +0 chain mail
rPois   .            k - +0 hat
rElec   .            (no cloak)
rCorr   .            h - +0 pair of gloves
SInv    .            (no boots)
Will    .....        (no amulet) Stlth
                     (no ring)
HPRegen 0.27/turn    (no ring)
MPRegen 0.09/turn

%: no passive effects
@: agile, lethally poisoned (-5 -> -10)
A: no striking features
a: no special abilities


You were on level 3 of the Dungeon.
You visited 1 branch of the dungeon, and saw 3 of its levels.

You collected 271 gold pieces.

Inventory:

Hand Weapons
 a - a +0 war axe
 n - a +1 heavy war axe (weapon)
Missiles
 e - 2 throwing nets (quivered)
Armour
 b - a +0 scale mail
 c - a +0 buckler (worn)
 h - a +0 pair of gloves (worn)
 k - a +0 hat (worn)
 o - a +0 chain mail (worn)
Scrolls
 f - a scroll of immolation {unknown}
 g - 3 scrolls of fear {unknown}
 i - 2 scrolls of blinking {unknown}
 j - a scroll of torment {unknown}
 l - a scroll of identify {unknown}
 q - a scroll of amnesia {unknown}
 r - a scroll of noise {unknown}
 t - a scroll of vulnerability {unknown}
Potions
 d - a potion of might
 m - a potion of lignification {unknown}
 p - a potion of flight {unknown}
 s - 2 potions of heal wounds {unknown}
 u - a potion of curing {unknown}


   Skills:
 + Level 4.3 Fighting
 + Level 4.7 Axes
 + Level 4.3 Armour
 + Level 0.6 Dodging
 + Level 3.5 Shields


You had 4 spell levels left.
You didn't know any spells.
Your spell library contained the following spells:

 Spells                   Type           Power      Damage    Failure   Level
 Kiss of Death            Conj/Necr      0%         2d5       98%         1
 Confusing Touch          Hex            0%         N/A       100%        3
 Ozocubu's Armour         Ice            0%         N/A       100%        3
 Cause Fear               Hex            0%         N/A       100%        4
 Dispel Undead            Necr           0%         3d6       100%        4
 Dragon Form              Tmut           0%         N/A       100%        7
 Ozocubu's Refrigeration  Ice            0%         4d7       100%        7
 Dragon's Call            Summ           0%         N/A       100%        9


Dungeon Overview and Level Annotations

Branches:
Dungeon (3/15)

Altars:
Dithmenos
Wu Jian

Shops:
D:1 (:[?   D:3 [

Annotations:
D:3 Crazy Yiuf


Message History

The bat hits you but does no damage.
You slice the bat!!
You kill the bat!
You see here a bat corpse.
You see here a bat corpse.
There is a shadowy altar of Dithmenos here.
You see here a hobgoblin corpse.
You see here a hobgoblin corpse.
There is a shadowy altar of Dithmenos here.
You see here 5 poisoned darts.
There is an open door here.
You see here a +0 hammer.
You see here a +0 hammer.
You see here a +0 hammer.
You see here a +0 hammer.
Crazy Yiuf shouts!
You see here a +0 hammer.
You open the door. You slash Crazy Yiuf!
Crazy Yiuf is heavily wounded.
Crazy Yiuf hits you but does no damage. You block Crazy Yiuf's attack.
You closely miss Crazy Yiuf.
Crazy Yiuf is heavily wounded.
Crazy Yiuf hits you with a +4 quarterstaff of chaos!
You are poisoned.
You hit Crazy Yiuf.
Crazy Yiuf is severely wounded.
You feel extremely sick. You block Crazy Yiuf's attack.
Crazy Yiuf hits you with a +4 quarterstaff of chaos!
Crazy Yiuf freezes you.
Crazy Yiuf hits you with a +4 quarterstaff of chaos!
* * * LOW HITPOINT WARNING * * *
You feel agile all of a sudden.
You hit Crazy Yiuf.
Crazy Yiuf is almost dead.
* * * LOW HITPOINT WARNING * * *
You feel very sick.
Crazy Yiuf hits you with a +4 quarterstaff of chaos!
You die...

#.......###+..+#
##...#.# #
###.......#
#....#
#...#.######
#<#.......#
#....#
#...#.##....
#.######..#
#)..##
#####.##.... #.#
#### ##)##
#####.##.... #.#
#)##
#........... #.#
##)#
#.......####
##.#########
#)##
#....∩......
##...#.....#
##@#
#.......####
.###.#.###[# #g#
############
.##..#.# #.# )))
#...........
.##.##.# #.#
#)))#
#......#####
.......###.#
#).)#
#......##...
..(..†.....#
#####
#......##.##
.#.#########
#.........#.
.#...[.....#
#......####.
.#..###########
#...[..# #.


You could see Crazy Yiuf.

Vanquished Creatures
  6 adders
  2 worms (D:2)
  4 dart slugs
  6 ball pythons
  6 endoplasms
  5 giant cockroaches
  4 goblins (D:1)
  7 hobgoblins
  2 jackals (D:1)
  4 bats
  A frilled lizard (D:2)
  3 kobolds
  7 rats
57 creatures vanquished.

Notes
Turn   | Place    | Note
-------+----------+-------------------------------------------
     0 | D:1      | fireball365 the Hill Orc Fighter began the quest for the
                  | Orb.
     0 | D:1      | Reached XP level 1. HP: 19/19 MP: 1/1
    26 | D:1      | Found Veyto's Magic Scroll Shoppe.
   114 | D:1      | Found Daizow's Antique Armour Emporium.
   152 | D:1      | Reached XP level 2. HP: 27/27 MP: 2/2
   313 | D:1      | Found Aweeb's Book Shoppe.
   423 | D:1      | Reached XP level 3. HP: 20/33 MP: 3/3
   504 | D:1      | Found Holor's Weapon Emporium.
  1146 | D:2      | Reached XP level 4. HP: 18/40 MP: 4/4
  1813 | D:3      | Found an ornate altar of the Wu Jian Council.
  1904 | D:3      | Found Xazut's Antique Armour Shoppe.
  1994 | D:3      | Reached XP level 5. HP: 36/46 MP: 5/5
  2215 | D:3      | Found a runed translucent door.
  2216 | D:3      | Noticed Crazy Yiuf
  2265 | D:3      | Found a shadowy altar of Dithmenos.
  2273 | D:3      | Found a faded altar of an unknown god.
  2506 | D:3      | Slain by Crazy Yiuf

Illustrated notes

Levels and vault maps discovered:
D:1:      dpeg_arrival_oval, layout_basic, serial_shops, shop, shop_coins,
          nicolae_shop_overgrown_old_shop, shop
D:2:      layout_rooms
D:3:      layout_basic, mainiacjoe_overflow_catch_the_wave,
          ebering_ecumenical_altar_rust, serial_shops, shop,
          uniq_crazy_yiuf_cottage

Skill      XL: |  1  2  3 |
---------------+----------+-----
Axes           | 3 4 |  4.7
Armour         | 4 |  4.3
Fighting       | 4 |  4.3
Dodging        | |  0.6
Shields        | |  3.5

Action                     |  1- 3 |  4- 6 || total
---------------------------+-------+-------++-------
  Melee: War axe           |    94 |    60 ||   154
 Armour: Scale mail        |    64 |    10 ||    74
         Chain mail        |       |    43 ||    43
  Dodge: Dodged            |    58 |    27 ||    85
  Block: Buckler           |    34 |    18 ||    52
